 Dungeon Crawl Stone Soup version 0.23.0 (webtiles) character file.

Game seed: 16425007539071740237

81 TheGoonsmith the Cutter (level 4, -2/29 HPs)
             Began as a Kobold Abyssal Knight on Feb 15, 2019.
             Was a Believer of Lugonu.
             Slain by a rat (3 damage)
             ... while paralysed by Grinder
             ... on level 3 of the Dungeon.
             The game lasted 00:03:51 (2443 turns).

TheGoonsmith the Cutter (Kobold Abyssal Knight)     Turns: 2443, Time: 00:03:51

Health: -2/29      AC:  8    Str: 11    XL:     4   Next: 68%
Magic:  5/5        EV:  3    Int: 13    God:    Lugonu [**....]
Gold:   181        SH:  0    Dex: 17    Spells: 3/3 levels left

rFire    . . .     SeeInvis .   a - +1 short sword
rCold    + . .     Gourm    .   r - +0 buckler
rNeg     . . .     Faith    .   p - +1 scale mail {rC+}
rPois    .         Spirit   .   (no helmet)
rElec    .         Reflect  .   h - +0 cloak
rCorr    .         Harm     .   (no gloves)
MR       .....                  (no boots)
Stlth    ..........             (no amulet)
HPRegen  0.09/turn              (no ring)
MPRegen  0.09/turn              (no ring)

@: paralysed
A: small, claws 1, agile 1, carnivore, strong 1
a: Depart the Abyss, Bend Space, Renounce Religion


You were on level 3 of the Dungeon.
You worshipped Lugonu.
Lugonu was pleased with you.
You were not hungry.

You visited 1 branch of the dungeon, and saw 3 of its levels.
You visited the Abyss 1 time.

You collected 181 gold pieces.

Inventory:

Hand Weapons
 a - a +1 short sword (weapon)
Missiles
 d - 48 poisoned needles
 l - 2 tomahawks (quivered)
Armour
 b - a +0 leather armour
 h - a +0 cloak (worn)
 o - a +0 ring mail
 p - a +1 scale mail of cold resistance (worn)
 r - a +0 buckler (worn)
Jewellery
 i - an uncursed amulet of rage {unknown}
Wands
 m - a wand of polymorph (20)
Scrolls
 j - a scroll of teleportation
 n - a scroll of fog
 t - a scroll of identify {unknown}
Potions
 e - a potion of brilliance
 f - a potion of flight {unknown}
 g - a potion of cancellation {unknown}
 k - a potion of might {unknown}
 q - a potion of berserk rage {unknown}
 s - a potion of invisibility {unknown}
Comestibles
 c - 6 rations


   Skills:
 + Level 3.9 Fighting
 * Level 4.7 Short Blades
 - Level 0.7 Armour
 + Level 3.4 Dodging
 + Level 0.0 Shields
 - Level 2.0 Invocations


You had 3 spell levels left.
You didn't know any spells.
Your spell library was empty.

Dungeon Overview and Level Annotations

Branches:
Dungeon (3/15)

Altars:
Nemelex Xobeh
Ru

Annotations:
D:3 Grinder


Innate Abilities, Weirdness & Mutations

You are small and have problems with some larger weapons.
You are carnivorous and can eat meat at any time.
You have sharp fingernails.
You are agile. (Dex +2)
Your muscles are strong. (Str +2)


Message History

You hit Grinder.
Grinder is moderately wounded.
The rat bites you. You block Grinder's attack.
You hit Grinder.
Grinder is moderately wounded.
The rat bites you but does no damage. You block Grinder's attack.
You hit Grinder.
Grinder is heavily wounded.
The rat misses you. Grinder gestures at you.
You suddenly lose the ability to move!
The rat bites you but does no damage. Grinder hits you.
* * * LOW HITPOINT WARNING * * *
You writhe in agony.
* * * LOW HITPOINT WARNING * * *
The rat bites you but does no damage. Grinder gestures at you.
You resist with significant effort. The rat bites you.
You die...

....# #.# .# ..>.## #.
#.# .# .....# #. #.#
..###
....#########.#+#.##....#
......................#
...................####
#..................+
#...............r..#
#...............@..#
#...............5..#
...................+
..######...........# ..#
......./..# .##
..........# ..........#
###########


You could see Grinder and a rat.

Vanquished Creatures
  Terence (D:2)
  An adder (D:2)
  An ooze (D:2)
  A dart slug (D:2)
  2 worms
  6 bats
  2 giant cockroaches (D:2)
  4 goblins (D:1)
  4 hobgoblins
  4 jackals (D:2)
  4 kobolds
  2 quokkas
  2 frilled lizards (D:1)
  4 rats
38 creatures vanquished.

Notes
Turn   | Place    | Note
-------+----------+-------------------------------------------
     0 | Abyss:1  | TheGoonsmith the Kobold Abyssal Knight began the quest for
                  | the Orb.
     0 | Abyss:1  | Reached XP level 1. HP: 14/14 MP: 2/2
    14 | D:1      | Escaped the Abyss
    60 | D:1      | Reached skill level 3 in Short Blades
    91 | D:1      | Reached XP level 2. HP: 10/19 MP: 3/3
   828 | D:2      | Reached XP level 3. HP: 23/23 MP: 4/4
   890 | D:2      | Reached ** piety under Lugonu
   966 | D:2      | Noticed Terence
   971 | D:2      | Gained mutation: You are clumsy. (Dex -2) [potion of
                  | mutation]
   971 | D:2      | Gained mutation: You are robust. (+10% HP) [potion of
                  | mutation]
   971 | D:2      | Gained mutation: Scrolls take you a little longer to read.
                  | [potion of mutation]
   971 | D:2      | Gained mutation: Your muscles are strong. (Str +2) [potion
                  | of mutation]
   982 | D:2      | Lost mutation: You are clumsy. (Dex -2) [potion of
                  | mutation]
   982 | D:2      | Lost mutation: Scrolls take you a little longer to read.
                  | [potion of mutation]
   982 | D:2      | Lost mutation: You are robust. (+10% HP) [potion of
                  | mutation]
   982 | D:2      | Gained mutation: You have sharp fingernails. [potion of
                  | mutation]
   982 | D:2      | Gained mutation: You are agile. (Dex +2) [potion of
                  | mutation]
   994 | D:2      | Reached skill level 4 in Short Blades
  1520 | D:2      | Found a sparkling altar of Nemelex Xobeh.
  1565 | D:2      | Reached XP level 4. HP: 21/29 MP: 5/5
  1919 | D:2      | Killed Terence
  2247 | D:3      | Found a sacrificial altar of Ru.
  2368 | D:3      | Found a faded altar of an unknown god.
  2422 | D:3      | Noticed Grinder
  2440 | D:3      | Paralysed by Grinder for 6 turns
  2441 | D:3      | HP: 1/29 [Grinder (4)]
  2443 | D:3      | Slain by a rat

Skill      XL: |  1  2  3 |
---------------+----------+-----
Short Blades   | 3 4 |  4.7
Dodging        | 3 |  3.4
Fighting       | |  3.9
Armour         | |  0.7
Invocations    | |  2.0

Action                   |  1- 3 |  4- 6 || total
-------------------------+-------+-------++-------
Melee: Short sword       |   116 |    55 ||   171
  Use: Potion            |     5 |     1 ||     6
       Scroll            |     1 |     2 ||     3
 Stab: Sleeping          |     1 |       ||     1
  Eat: Chunk             |     3 |     4 ||     7
Armor: Leather armour    |    30 |       ||    30
       Scale mail        |       |    11 ||    11
       Ring mail         |       |     2 ||     2
Dodge: Dodged            |   125 |    21 ||   146
Block: Buckler           |       |     7 ||     7
